 Dungeon Crawl Stone Soup version 0.24.0-37-gcf1ca852f1 (webtiles) character file.

Game seed: 11074414346033677730, levelgen mode: deterministic

103267 Mesmaeker13 the Scorcher (level 15, -10/89 HPs)
             Began as a Pale Draconian Conjurer on Nov 27, 2019.
             Was the Champion of Hepliaklqana.
             Killed from afar by a fire dragon (27 damage)
             ... with a blast of flame
             ... on level 13 of the Dungeon on Nov 28, 2019.
             The game lasted 01:26:46 (32885 turns).

Mesmaeker13 the Scorcher (Pale Draconian Conjurer) Turns: 32885, Time: 01:26:46

Health: -10/89     AC: 17    Str: 14    XL:     15   Next: 88%
Magic:  15/30      EV: 22    Int: 26    God:    Hepliaklqana [******]
Gold:   953        SH:  0    Dex: 15    Spells: 11/36 levels left

rFire    . . .     SeeInvis +   M - +2 dagger "Acivastra" {pierce, rElec rN+}
rCold    . . .     Gourm    .   R - +2 buckler
rNeg     + + .     Faith    .   (armour unavailable)
rPois    .         Spirit   .   (helmet restricted)
rElec    +         Reflect  .   B - +2 cloak {MR+}
rCorr    .         Harm     .   n - +2 pair of gloves
MR       +++..                  r - +1 pair of boots {Stlth+}
Stlth    ++........             c - amulet of Traps {RegenMP Str+3 Int+2 Dex+4}
HPRegen  0.24/turn              i - ring of see invisible
MPRegen  0.47/turn              h - ring "Zuhedd" {rN+ MR+ Int+2}

@: confused, very slightly contaminated
A: breathe steam, unfitting armour, reduced essence, cold-blooded, AC +9
a: Breathe Steam, Recall Ancestor, Ancestor Identity, Transference, Idealise,
Renounce Religion


You were on level 13 of the Dungeon.
You worshipped Hepliaklqana.
Hepliaklqana was exalted by your worship.
You were not hungry.

You visited 4 branches of the dungeon, and saw 23 of its levels.
You also visited: Sewer.

You collected 2457 gold pieces.
You spent 1504 gold pieces at shops.

Inventory:

Hand Weapons
 M - the +2 dagger "Acivastra" (weapon) {pierce, rElec rN+}
   (You found it on level 8 of the Dungeon)

   It inflicts extra damage upon your enemies.
   It insulates you from electricity.
   It protects you from negative energy.
 Q - a +2 scimitar of flaming
 S - a +0 trident of protection
Armour
 j - a scarf of repulsion
 n - a +2 pair of gloves (worn)
 r - a +1 pair of boots of stealth (worn)
 B - a +2 cloak of magic resistance (worn)
 R - a +2 buckler (worn)
Magical Staves
 H - an uncursed staff of death
Jewellery
 c - the amulet of Traps (around neck) {RegenMP Str+3 Int+2 Dex+4}
   (You took it off a centaur on level 10 of the Dungeon)

   [amulet of magic regeneration]

   It increases your magic regeneration.
   It affects your strength (+3).
   It affects your intelligence (+2).
   It affects your dexterity (+4).
 h - the ring "Zuhedd" (right hand) {rN+ MR+ Int+2}
   (You bought it in a shop on level 2 of the Orcish Mines)

   [ring of protection from magic]

   It affects your intelligence (+2).
   It protects you from negative energy.
   It affects your resistance to hostile enchantments.
 i - a ring of see invisible (left hand)
 p - an uncursed amulet of the acrobat
 w - an uncursed ring of resist corrosion
 F - an uncursed ring of flight
Wands
 A - a wand of digging (2)
Scrolls
 a - 2 scrolls of enchant armour
 e - 3 scrolls of fog
 m - 7 scrolls of remove curse
 q - 9 scrolls of teleportation
 u - a scroll of acquirement {unknown}
 y - 2 scrolls of random uselessness {unknown}
 E - 2 scrolls of magic mapping
 G - 3 scrolls of vulnerability {unknown}
 K - 3 scrolls of fear
 P - 4 scrolls of enchant weapon
Potions
 d - 4 potions of haste
 f - 2 potions of magic
 g - 5 potions of mutation
 l - 2 potions of ambrosia
 s - a potion of resistance {unknown}
 t - 2 potions of brilliance
 z - 2 potions of agility
 I - 2 potions of might {unknown}
 N - 3 potions of flight {unknown}
 U - a potion of cancellation {unknown}
Miscellaneous
 k - a phial of floods (inert)
 O - a lightning rod (2/4)
Comestibles
 b - 15 rations


   Skills:
 + Level 14.0 Dodging
 - Level 1.7 Stealth
 - Level 4.1 Shields
 + Level 11.1 Spellcasting
 - Level 11.3 Conjurations
 - Level 5.2 Charms
 - Level 5.1 Necromancy
 + Level 15.9 Fire Magic
 - Level 5.5 Air Magic
 - Level 4.0 Poison Magic


You had 11 spell levels left.
You knew the following spells:

 Your Spells              Type           Power        Failure   Level  Hunger
a - Magic Dart            Conj           ####         1%          1    None
b - Mephitic Cloud        Conj/Pois/Air  ######..     1%          3    None
c - Sticky Flame          Conj/Fire      ######..     1%          4    None
d - Fireball              Conj/Fire      ######....   1%          5    ###....
e - Regeneration          Chrm/Necr      #####.....   1%          3    None
f - Animate Dead          Necr           N/A          4%          4    None
g - Lightning Bolt        Conj/Air       ######....   3%          5    ###....

Your spell library contained the following spells:

 Spells                   Type           Power        Failure   Level  Hunger
 Flame Tongue             Conj/Fire      #####        0%          1    None
 Animate Skeleton         Necr           N/A          1%          1    None
 Pain                     Necr           ####         1%          1    None
 Shock                    Conj/Air       ####         1%          1    None
 Sting                    Conj/Pois      ####         1%          1    None
 Poisonous Vapours        Pois/Air       #####.       1%          2    None
 Searing Ray              Conj           ######       1%          2    None
 Swiftness                Chrm/Air       #####...     1%          2    None
 Throw Flame              Conj/Fire      ######       1%          2    None
 Throw Frost              Conj/Ice       #####.       1%          2    None
 Conjure Flame            Conj/Fire      ######..     1%          3    None
 Dazzling Spray           Conj/Hex       #####.       1%          3    None
 Inner Flame              Hex/Fire       ######..     1%          3    None
 Static Discharge         Conj/Air       ######..     1%          3    None
 Vampiric Draining        Necr           #####.....   1%          3    None
 Iskenderun's Mystic Bla  Conj           ######..     1%          4    None
 Apportation              Tloc           ##....       4%          1    None
 Beastly Appendage        Tmut           ##....       4%          1    None
 Confusing Touch          Hex            ##....       4%          1    None
 Corona                   Hex            ##.....      4%          1    None
 Freeze                   Ice            ##..         4%          1    None
 Summon Small Mammal      Summ           ##..         4%          1    None
 Ozocubu's Armour         Chrm/Ice       ####....     4%          3    None
 Airstrike                Air            #####.....   4%          4    None
 Force Lance              Conj/Tloc      #####...     4%          4    None
 Fulminant Prism          Conj/Hex       #####.....   4%          4    None
 Throw Icicle             Conj/Ice       #####...     4%          4    None
 Venom Bolt               Conj/Pois      ######....   4%          5    ###....
 Spider Form              Tmut/Pois      ###.......   5%          3    None
 Blink                    Tloc           N/A          6%          2    None
 Call Imp                 Summ           ##......     6%          2    None
 Ensorcelled Hibernation  Hex/Ice        ##....       6%          2    None
 Slow                     Hex            ##......     6%          2    None
 Sticks to Snakes         Tmut           ##......     6%          2    None
 Olgreb's Toxic Radiance  Pois           #####...     8%          4    None
 Confuse                  Hex            ##......     12%         3    None
 Gell's Gravitas          Tloc           ##........   12%         3    None
 Portal Projectile        Hex/Tloc       ##....       12%         3    None
 Tukima's Dance           Hex            ##......     12%         3    None
 Cause Fear               Hex            ##........   38%         4    None
 Ice Form                 Ice/Tmut       ##......     38%         4    None
 Leda's Liquefaction      Hex/Erth       ##........   38%         4    None
 Petrify                  Tmut/Erth      ##......     38%         4    None
 Summon Ice Beast         Ice/Summ       ##......     38%         4    None
 Blade Hands              Tmut           ##........   75%         5    ###....
 Metabolic Englaciation   Hex/Ice        ##........   75%         5    ###....
 Yara's Violent Unravell  Hex/Tmut       ##........   75%         5    ###....


Dungeon Overview and Level Annotations

Branches:
Dungeon (14/15)            Temple (1/1) D:4            Lair (6/6) D:10
 Shoals (0/4) Lair:3        Snake (0/4) Lair:4        Slime (0/5) Lair:6
    Orc (2/2) D:11            Elf (0/3) Orc:2        Vaults (0/5) D:13
  Sewer (visited)

Altars:
Ashenzari
Cheibriados
Dithmenos
Elyvilon
Fedhas
Gozag
Hepliaklqana
Kikubaaqudgha
Makhleb
Nemelex Xobeh
Okawaru
Qazlal
Ru
Sif Muna
Trog
Uskayaw
Vehumet
Wu Jian
Xom
Yredelemnul
Zin
The Shining One
Beogh
Jiyva

Shops:
D:6 (   D:8 [   D:11 [   D:12 *   Orc:2 =*=}

Annotations:
D:14 Roxanne
Lair:2 3 runed translucent doors, Kotami's ghost, journeyman OpFi; Nilihum's ghost, journeyman HuFi


Innate Abilities, Weirdness & Mutations

You can breathe blasts of scalding, opaque steam.
Your pale cyan-grey scales are hard. (AC +9)
You cannot fit into any form of body armour.
You are cold-blooded and may be slowed by cold attacks.
Your life essence is reduced to manifest your ancestor. (-10% HP)


Message History

You have got your breath back.
Libusa hits the fire dragon with a +0 broad axe of flaming!
The fire dragon bites Libusa!
The fire dragon claws Libusa but does no damage.
The fire dragon tramples Libusa!
Libusa is shoved backwards!
There is a stone staircase leading up, spattered with blood here.
You block the fire dragon's attack.
The fire dragon claws you but does no damage.
You block the fire dragon's attack.
Libusa hits the fire dragon with a +0 broad axe of flaming!
You climb upwards.
There is a stone staircase leading down, spattered with blood here.
Libusa hits the fire dragon with a +0 broad axe of flaming.
You are confused.
You feel invigorated. The fire dragon misses you.
The fire dragon barely misses you. The fire dragon closely misses you.
Libusa hits the fire dragon with a +0 broad axe of flaming.
The fire dragon breathes flames at you. The blast of flame hits you!!
You die...

.#### #.##..............≈≈≈≈
>...##
#.##########.#.#..≈≈≈≈
.#.#.## #.# #.#.#..≈≈≈≈
...##.## #.# #.#.#...≈≈≈
...###.#####.# #....#.....
_..# ##[...#.####
#..#.......
...###.###.#.RD.####
##..(#(^.() ...##.##
#.####....# ##.##((≈))
##.#.#####.# ##@''#
#.##.≈≈≈≈ #..........# #...#
#.##.≈≈≈≈ ....######## #...#
#.##.≈≈≈≈ #.### #...#
#.##.≈≈≈≈ #.# #...#
#....)≈≈≈ #.# #...#
#####..≈≈ #.# #...# #....
#.# #...# ##..## #.#
############.##########...##


You could see the friendly Libusa the knight and a fire dragon.

Vanquished Creatures
  Saint Roka (Orc:2)
  A dire elephant (Lair:2)
  Snorg (D:13)
  An ogre mage (Orc:2)
  4 hydras
  3 vault guards (D:13)
  4 centaur warriors
  7 two-headed ogres
  A death yak (Lair:4)
  Urug (Lair:4)
  A deep troll (Orc:2)
  An unseen horror (D:13)
  2 lindwurms
  2 wizards
  Pikel (D:7)
  2 orc knights
  5 ugly things
  3 orc sorcerers
  2 merfolk sirens (Lair:3)
  4 cyclopes
  3 black mambas
  13 elephants
  A gargoyle (D:13)
  12 spiny frogs
  3 rime drakes
  5 komodo dragons
  3 tyrant leeches (Lair:6)
  9 trolls
  2 hornets
  A hippogriff (shapeshifter) (D:13)
  A slime creature (D:13)
  28 blink frogs
  8 hippogriffs
  31 yaks
  A spriggan (Lair:2)
  2 shadows
  A fire bat (Lair:3)
  A human (D:9)
  A hog (D:9)
  A basilisk (Lair:6)
  2 wyverns
  11 vampire mosquitoes
  A naga (Lair:4)
  8 water moccasins
  6 porcupines
  2 sky beasts
  17 orc warriors
  6 ice beasts
  A phantom (D:7)
  10 wolves
  9 centaurs
  22 ogres
  8 crocodiles
  A knight (Orc:2)
  A big kobold (D:11)
  18 bullfrogs
  A wyvern zombie (D:10)
  A wyvern skeleton (D:6)
  3 scorpions
  3 killer bees (D:10)
  11 wights
  7 electric eels
  4 crimson imps
  3 howler monkeys
  3 centaur zombies
  5 jellies
  5 hounds
  13 orc wizards
  13 orc priests
  Ijyb (D:3)
  2 centaur skeletons
  4 iguanas
  9 worker ants
  A hound skeleton (D:5)
  2 worker ant zombies
  10 adders
  3 shadow imps
  2 oozes (D:3)
  An adder zombie (D:6)
  2 worms
  9 dart slugs
  3 leopard geckos
  65 orcs
  5 bats
  8 giant cockroaches
  6 goblins
  10 hobgoblins
  10 jackals
  10 kobolds
  6 quokkas
  A ball python (D:5)
  5 frilled lizards
  A jackal skeleton (D:5)
  A leopard gecko skeleton (D:8)
  6 rats
  A fungus (Lair:5)
  10 plants
563 creatures vanquished.

Vanquished Creatures (collateral kills)
  A stone giant (Orc:2)
  An ogre mage (Orc:1)
  2 hydras
  2 vault guards (D:13)
  Erica (D:10)
  A centaur warrior (D:14)
  3 two-headed ogres
  An unseen horror (D:13)
  A deep troll (Orc:2)
  A manticore (D:13)
  2 cyclopes
  7 slime creatures
  3 ugly things
  Maurice (D:8)
  19 elephants
  A torpor snail (Lair:5)
  A black mamba (Lair:5)
  8 spiny frogs
  2 gargoyles
  A rime drake (Lair:2)
  4 trolls
  2 tyrant leeches (Lair:6)
  2 merfolk (Lair:3)
  A hippogriff (D:11)
  3 blink frogs
  A meliai zombie (D:13)
  21 yaks
  A wyvern (Lair:6)
  Grum (D:8)
  3 basilisks
  2 hogs (D:9)
  8 vampire mosquitoes
  2 fire bats (Lair:3)
  4 wargs
  3 porcupines
  A water moccasin (Lair:3)
  A black bear (D:13)
  2 ice beasts
  3 sky beasts
  7 orc warriors
  A phantom (D:9)
  3 wolves
  9 ogres
  2 crocodiles
  12 bullfrogs
  A scorpion (D:9)
  4 wights
  A killer bee (D:10)
  A howler monkey (D:11)
  2 crimson imps
  A bullfrog zombie (D:5)
  3 jellies
  2 hounds
  7 orc wizards
  6 orc priests
  2 worker ants
  A hound zombie (D:9)
  An adder (D:6)
  A shadow imp (D:5)
  2 dart slugs (D:7)
  A leopard gecko (D:11)
  22 orcs
  2 giant cockroaches (D:5)
  3 jackals
  4 kobolds
  A butterfly (Lair:1)
  2 fungi
228 creatures vanquished.

Vanquished Creatures (others)
  An unseen horror (D:14)
  A wizard (D:9)
  A wolf (D:8)
  A blink frog (Lair:1)
  A hog (D:9)
  A yak (D:10)
  12 knights
  7 ancestors
  An orc (Orc:2)
  73 fungi
  56 plants
  3 toadstools (D:11)
  4 withered plants (Lair:2)
162 creatures vanquished.

Grand Total: 953 creatures vanquished

Notes
Turn   | Place    | Note
-------+----------+-------------------------------------------
     0 | D:1      | Mesmaeker13 the Draconian Conjurer began the quest for the
                  | Orb.
     0 | D:1      | Reached XP level 1. HP: 14/14 MP: 3/3
    56 | D:1      | Reached XP level 2. HP: 3/20 MP: 0/5
  1096 | D:1      | Learned a level 2 spell: Searing Ray
  1271 | D:2      | Reached XP level 3. HP: 24/26 MP: 3/6
  2535 | D:3      | Noticed Ijyb
  2871 | D:3      | Reached XP level 4. HP: 33/33 MP: 4/8
  3675 | D:3      | Found a shattered altar of Ashenzari.
  3738 | D:3      | HP: 1/33 [Ijyb/iceblast (20)]
  3747 | D:3      | Killed Ijyb
  4236 | D:4      | Reached skill level 5 in Conjurations
  4236 | D:4      | Reached XP level 5. HP: 38/38 MP: 4/9
  4337 | D:4      | Learned a level 4 spell: Sticky Flame
  4395 | D:4      | Noticed an ogre
  4412 | D:4      | Killed an ogre
  4412 | D:4      | Reached skill level 1 in Fire Magic
  4412 | D:4      | Reached XP level 6. HP: 28/45 MP: 5/11
  4983 | D:4      | Found a staircase to the Ecumenical Temple.
  5006 | Temple   | Entered the Ecumenical Temple
  5019 | Temple   | Became a worshipper of Hepliaklqana the Forgotten
  5304 | D:5      | Entered Level 5 of the Dungeon
  5310 | D:5      | Found a glowing drain.
  5339 | Sewer    | Entered a sewer
  5659 | D:5      | Reached skill level 2 in Fire Magic
  5704 | D:5      | Your scales start taking on a pale cyan-grey colour.
  5704 | D:5      | Reached XP level 7. HP: 43/45 MP: 8/13
  6224 | D:5      | Reached skill level 3 in Fire Magic
  6621 | D:6      | Reached * piety under Hepliaklqana
  6665 | D:6      | Found Zonenen's Weapon Emporium.
  7056 | D:6      | Reached XP level 8. HP: 35/51 MP: 15/15
  7257 | D:6      | Reached skill level 4 in Fire Magic
  7623 | D:7      | Reached skill level 5 in Spellcasting
  7631 | D:7      | Reached skill level 5 in Dodging
  7996 | D:7      | Reached skill level 5 in Fire Magic
  8291 | D:7      | Noticed Pikel
  8547 | D:7      | Reached XP level 9. HP: 38/55 MP: 10/17
  8699 | D:7      | Killed Pikel
  8699 | D:7      | Reached skill level 6 in Fire Magic
  8724 | D:7      | Reached ** piety under Hepliaklqana
  8887 | D:7      | Learned a level 5 spell: Fireball
  9484 | D:8      | Got a translucent dagger
  9486 | D:8      | Identified the +2 dagger "Acivastra" {pierce, rElec rN+}
                  | (You found it on level 8 of the Dungeon)
  9543 | D:8      | Remembered your ancestor Libusa as a knight
  9670 | D:8      | Reached skill level 7 in Fire Magic
  9758 | D:8      | Noticed Maurice
  9782 | D:8      | Killed Maurice
  9844 | D:8      | Noticed a two-headed ogre
  9858 | D:8      | Killed a two-headed ogre
  9858 | D:8      | Reached XP level 10. HP: 62/62 MP: 7/19
  9990 | D:8      | Noticed Grum
 10000 | D:8      | Killed Grum
 10016 | D:8      | Reached skill level 8 in Fire Magic
 10304 | D:8      | Found Uheah's Armour Boutique.
 10312 | D:8      | Bought a +1 pair of boots of stealth for 264 gold pieces
 10569 | D:9      | Found a bloodstained altar of Trog.
 10636 | D:9      | Reached skill level 1 in Shields
 11159 | D:9      | Noticed a wizard
 11164 | D:9      | Killed a wizard
 11196 | D:10     | Entered Level 10 of the Dungeon
 11282 | D:10     | Reached *** piety under Hepliaklqana
 11416 | D:10     | Found a staircase to the Lair.
 11574 | D:10     | Reached skill level 9 in Fire Magic
 11832 | D:10     | Identified the amulet of Traps {RegenMP Str+3 Int+2 Dex+4}
 12049 | D:10     | Reached XP level 11. HP: 66/66 MP: 16/20
 12132 | D:10     | Reached skill level 10 in Conjurations
 12266 | D:10     | Noticed Erica
 12282 | D:10     | Killed Erica
 12797 | Lair:1   | Entered Level 1 of the Lair of Beasts
 13067 | Lair:1   | Got a transparent helmet
 13239 | Lair:1   | Noticed a four-headed hydra
 13250 | Lair:1   | Reached skill level 10 in Fire Magic
 13283 | Lair:1   | Killed a four-headed hydra
 13371 | Lair:1   | Reached **** piety under Hepliaklqana
 13702 | Lair:1   | Found a radiant altar of Vehumet.
 13798 | Lair:1   | Noticed an eight-headed hydra
 13810 | Lair:1   | Killed an eight-headed hydra
 14539 | Lair:2   | Reached skill level 11 in Fire Magic
 14539 | Lair:2   | Reached XP level 12. HP: 72/72 MP: 16/21
 14595 | Lair:2   | Reached skill level 10 in Dodging
 14808 | Lair:2   | Found a runed translucent gate.
 14810 | Lair:2   | Found a runed translucent gate.
 14811 | Lair:2   | Found a runed translucent gate.
 14813 | Lair:2   | Noticed Nilihum's ghost (journeyman HuFi)
 14813 | Lair:2   | Noticed Kotami's ghost (journeyman OpFi)
 15972 | Lair:3   | Found a dark tunnel.
 16133 | Lair:3   | Reached skill level 12 in Fire Magic
 16201 | Lair:3   | Found a staircase to the Shoals.
 16385 | Lair:3   | Reached ***** piety under Hepliaklqana
 17070 | Lair:4   | Identified the +0 helmet of Tuaraug {+Inv rElec rC+ Int+4}
                  | (You found it on level 1 of the Lair of Beasts)
 17082 | Lair:4   | Noticed a seven-headed hydra
 17087 | Lair:4   | Killed a seven-headed hydra
 17144 | Lair:4   | Found a gate leading to a gauntlet.
 17185 | Lair:4   | Reached XP level 13. HP: 69/77 MP: 10/25
 17241 | Lair:4   | Found a staircase to the Snake Pit.
 17248 | Lair:4   | Noticed Urug
 17281 | Lair:4   | Killed Urug
 18631 | Lair:5   | Reached skill level 13 in Fire Magic
 18885 | Lair:4   | Learned a level 3 spell: Mephitic Cloud
 18991 | Lair:5   | Reached skill level 1 in Poison Magic
 19211 | Lair:5   | Learned a level 3 spell: Regeneration
 19867 | Lair:6   | Entered Level 6 of the Lair of Beasts
 21158 | Lair:6   | Reached skill level 10 in Spellcasting
 21213 | Lair:5   | Reached XP level 14. HP: 79/83 MP: 21/28
 21305 | Lair:6   | Reached skill level 1 in Necromancy
 21712 | Lair:5   | Reached skill level 14 in Fire Magic
 22152 | Lair:6   | Found a viscous altar of Jiyva.
 22152 | Lair:6   | Found a staircase to the Slime Pits.
 23371 | D:11     | Found Qomoag's Antique Armour Shoppe.
 23400 | D:11     | Found a staircase to the Orcish Mines.
 24039 | Orc:1    | Entered Level 1 of the Orcish Mines
 24434 | Orc:2    | Entered Level 2 of the Orcish Mines
 24437 | Orc:2    | Noticed a stone giant
 24491 | Orc:2    | Found Yxkib's Gadget Boutique.
 24618 | Orc:2    | Killed a stone giant
 25483 | Orc:1    | Reached skill level 5 in Necromancy
 25734 | Orc:2    | Noticed Saint Roka
 25923 | Orc:1    | Reached skill level 1 in Air Magic
 26227 | Orc:1    | Reached skill level 1 in Charms
 26905 | Orc:2    | Reached XP level 15. HP: 61/89 MP: 22/30
 26983 | Orc:2    | Learned a level 4 spell: Animate Dead
 27045 | Orc:2    | Found Neykucw's Assorted Antiques.
 27061 | Orc:2    | Found Okhletz's Jewellery Emporium.
 27069 | Orc:2    | Bought a scroll of identify for 82 gold pieces
 27072 | Orc:2    | Found Jollihuu's Jewellery Shop.
 27122 | Orc:2    | Killed Saint Roka
 27122 | Orc:2    | Reached skill level 15 in Fire Magic
 27450 | Orc:2    | Found a roughly hewn altar of Beogh.
 27544 | Orc:2    | Found a roughly hewn altar of Beogh.
 27712 | Orc:2    | Found a staircase to the Elven Halls.
 28336 | Orc:1    | Reached ****** piety under Hepliaklqana
 28404 | Orc:2    | Bought a twisted silver ring for 205 gold pieces
 28417 | Orc:2    | Bought the ring "Zuhedd" {rN+ MR+ Int+2} for 686 gold
                  | pieces
 28425 | Orc:2    | Bought an uncursed ring of see invisible for 195 gold
                  | pieces
 28612 | D:12     | Found Hoewnac's Assorted Antiques.
 28628 | D:12     | Bought a scroll of identify for 72 gold pieces
 29480 | D:13     | Found a gate to the Vaults.
 29763 | D:13     | Noticed Snorg
 29774 | D:13     | Killed Snorg
 29792 | D:13     | Reached skill level 5 in Air Magic
 30113 | D:13     | Found a glowing golden altar of the Shining One.
 31087 | D:13     | Reached skill level 5 in Charms
 31454 | D:14     | Found a hazy altar of Hepliaklqana.
 31480 | D:14     | Identified Roxanne's Handbook of Transmutation
 31480 | D:14     | Noticed Roxanne
 32185 | D:14     | Got a steaming brass ring
 32218 | D:14     | Identified the cursed ring of Fotzoul {EV-5 Dex+6} (You
                  | found it on level 14 of the Dungeon)
 32682 | D:13     | Learned a level 5 spell: Lightning Bolt
 32885 | D:13     | Killed from afar by a fire dragon

Levels and vault maps discovered:
D:1:      psy_arrival_statuary, layout_basic
D:2:      layout_loops_ring
D:3:      minmay_chambers_of_twos, layout_basic, cheibrodos_ashenzari_chains,
          first_ration, uniq_ijyb
D:4:      layout_basic, temple_doors_cd
D:5:      layout_cave_pools, cheibrodos_sewer_entry_drain
D:6:      layout_basic, serial_shops, shop
D:7:      kennysheep_slugbush, layout_cave_pools, uniq_pikel
D:8:      layout_loops_ring, serial_shops, kennysheep_little_box, uniq_maurice,
          uniq_grum
D:9:      layout_rooms, grunt_livestock, trog_wizard
D:10:     layout_basic, erik_lair_orcish_takeover, uniq_erica
D:11:     layout_cross, david_orc_3, chequers_garden, minmay_gold_behind_fungi,
          kennysheep_big_empty_room, palyth_stone_intersect,
          kennysheep_windowed_goal
D:12:     layout_loops_ring, serial_shops, shop
D:13:     layout_loops_ring, grunt_vaults_entry_fortified, basic_altar,
          chequers_serial_rivers_small_a, kennysheep_cross_bottleneck,
          grunt_ministairs_11, uniq_snorg
D:14:     kennysheep_green_arena, layout_rooms, old_standard_altar,
          serial_bayou_lagoon_a, uniq_roxanne
Temple:   nicolae_temple_the_god_donut
Lair:1:   layout_loops_ring, basic_altar, grunt_megastairs_4,
          lemuel_fruit_fields
Lair:2:   mu_elephants_graveyard, layout_big_grid, gammafunk_ghost_cemetery
Lair:3:   layout_regular_city, elwin_shoals_entry_stream,
          nicolae_volcano_entry_batcave
Lair:4:   layout_cave_pods, guppyfry_snake_entry_island, gauntlet_entry_generic,
          uniq_urug
Lair:5:   layout_long_grid, grunt_forest_small_clearings
Lair:6:   minmay_lair_end_frog_pond, layout_long_grid, slime_altar_1
Orc:1:    layout_diamond_mine
Orc:2:    st_orc_open, layout_caves, basic_altar, mines1_david, uniq_saint_roka

Skill      XL: |  1  2  3  4  5  6  7  8  9 10 11 12 13 14 15 |
---------------+----------------------------------------------+-----
Dodging        | 2 3 4 5 7 8 9 11 12 13 14 | 14.0
Spellcasting   | 3 4 5 6 8 10 11 | 11.1
Conjurations   | 5 6 7 9 11 | 11.3
Fire Magic     | 1 2 3 5 7 9 11 12 13 14 15 | 15.9
Shields        | 3 4 |  4.1
Poison Magic   | 4 |  4.0
Necromancy     | 5 |  5.1
Air Magic      | 2 5 |  5.5
Charms         | 1 5 |  5.2
Stealth        | |  1.7

Action                   |  1- 3 |  4- 6 |  7- 9 | 10-12 | 13-15 || total
-------------------------+-------+-------+-------+-------+-------++-------
Melee: Unarmed           |    24 |       |       |       |       ||    24
       Tailslap          |     8 |     4 |    13 |    38 |   102 ||   165
       Dagger            |    29 |     9 |    16 |   240 |   583 ||   877
       Club              |       |    32 |   100 |       |       ||   132
Throw: Dart              |       |     7 |    13 |       |       ||    20
 Cast: Magic Dart        |    87 |    67 |    82 |    64 |    22 ||   322
       Searing Ray       |     1 |    11 |    23 |    39 |     3 ||    77
       Fireball          |       |       |     4 |    39 |   187 ||   230
       Sticky Flame      |       |       |     1 |    54 |   207 ||   262
       Regeneration      |       |       |       |       |     6 ||     6
       Mephitic Cloud    |       |       |       |       |    15 ||    15
       Lightning Bolt    |       |       |       |       |     5 ||     5
       Animate Dead      |       |       |       |       |     2 ||     2
Invok: Recall Ancestor   |       |       |     3 |     1 |    12 ||    16
       Ancestor Life: Kn |       |       |     1 |       |       ||     1
 Abil: Breathe Steam     |       |       |     4 |    10 |    36 ||    50
Evoke: Wand              |       |       |     4 |    28 |    37 ||    69
       Lightning rod     |       |       |       |     2 |    18 ||    20
       Phial of floods   |       |       |       |       |     3 ||     3
  Use: Scroll            |     4 |     2 |     3 |     6 |    20 ||    35
       Potion            |       |     3 |       |     5 |    13 ||    21
 Stab: Distracted        |       |     1 |       |     4 |     4 ||     9
       Sleeping          |       |       |     4 |     8 |     3 ||    15
       Paralysed         |       |       |       |    13 |     9 ||    22
       Confused          |       |       |       |       |     1 ||     1
  Eat: Chunk             |     7 |     9 |     8 |    23 |    36 ||    83
       Ration            |       |       |     2 |     5 |    14 ||    21
Armor: Skin              |    19 |    27 |    50 |   109 |   206 ||   411
Dodge: Dodged            |    38 |    50 |   131 |   289 |   872 ||  1380
Block: Buckler           |       |       |       |   100 |   363 ||   463
